 Dungeon Crawl Stone Soup version 0.26-a0-1181-gd376ed14c5 (webtiles) character file.

Game seed: 3622130921396391098

3836 sahdkjhfkaj the Thaumaturge (level 9, -9/45 HPs)
             Began as a Deep Elf Conjurer on Dec 25, 2020.
             Was a Believer of Sif Muna.
             Blown up by an orc (29 damage)
             ... with a disintegration bolt
             ... on level 8 of the Dungeon.
             The game lasted 00:17:57 (10956 turns).

sahdkjhfkaj the Thaumaturge (Deep Elf Conjurer)    Turns: 10956, Time: 00:17:58

Health: -9/45      AC:  5    Str:  4    XL:     9   Next: 98%
Magic:  10/24      EV: 13    Int: 27    God:    Sif Muna [**....]
Gold:   1635       SH:  0    Dex: 13    Spells: 16/27 levels left

rFire    . . .     SeeInvis .   (no weapon)
rCold    + . .     Faith    +   (no shield)
rNeg     . . .     Spirit   .   n - +2 robe {Archmagi}
rPois    .         Reflect  .   (no helmet)
rElec    .         Harm     .   v - +0 cloak
rCorr    .         Rampage  .   (no gloves)
Will     .....                  (no boots)
Stlth    ++........             y - amulet of faith
HPRegen  0.15/turn              h - ring of protection from cold
MPRegen  0.19/turn              x - ring of wizardry

@: no status effects
A: no striking features
a: Renounce Religion, Channel Magic


You were on level 8 of the Dungeon.
You worshipped Sif Muna.
Sif Muna was pleased with you.
You visited 2 branches of the dungeon, and saw 9 of its levels.

You collected 1635 gold pieces.

Inventory:

Armour
 n - a +2 robe of the Archmagi (worn)
 v - a +0 cloak (worn)
Jewellery
 h - a ring of protection from cold (left hand)
 x - a ring of wizardry (right hand)
 y - an amulet of faith (around neck)
Wands
 j - a wand of digging (4)
 s - a wand of iceblast (9)
 B - a wand of flame (4)
Scrolls
 a - 6 scrolls of remove curse
 b - 2 scrolls of enchant weapon
 e - 2 scrolls of immolation
 k - 3 scrolls of enchant armour
 l - 6 scrolls of teleportation {!r}
Potions
 c - 3 potions of curing
 g - a potion of resistance {unknown}
 i - a potion of haste {unknown}
 m - a potion of mutation {unknown}
 q - a potion of heal wounds {unknown}
 r - a potion of brilliance {unknown}
 t - 2 potions of flight {unknown}
 u - a potion of might {unknown}
 z - a potion of degeneration {unknown}
 A - 3 potions of lignification


   Skills:
 - Level 2.4 Dodging
 - Level 2.4 Stealth
 + Level 9.8 Spellcasting
 + Level 9.1 Conjurations
 + Level 9.2 Hexes
 + Level 7.7 Translocations


You had 16 spell levels left.
You knew the following spells:

 Your Spells              Type           Power        Failure   Level
a - Magic Dart            Conj           100%         1%          1
b - Searing Ray           Conj           100%         1%          2
f - Fulminant Prism       Conj/Hex       38%          1%          4
M - Iskenderun's Mystic   Conj/Tloc      73%          1%          4

Your spell library contained the following spells:

 Spells                   Type           Power        Failure   Level
 Dazzling Flash           Conj/Hex       100%         1%          3


Dungeon Overview and Level Annotations

Branches:
Dungeon (8/15)             Temple (1/1) D:4
   Lair: D:8-11

Altars:
Ashenzari
Cheibriados
Dithmenos
Elyvilon
Fedhas
Gozag
Hepliaklqana
Kikubaaqudgha
Makhleb
Nemelex Xobeh
Okawaru
Qazlal
Sif Muna
Trog
Vehumet
Wu Jian
Xom
Yredelemnul
The Shining One

Shops:
D:4 =

Portals:
Abyss: D:7

Annotations:
D:8 ziggurnaut's ghost, novice DEFE


Message History

You finish channeling your searing ray.
Reriks's ghost barely misses you.
Unknown command.
Casting: Searing Ray (safe; 1% risk of failure)
Confirm with . or Enter, or press ? or * to list all spells.
Aiming: Searing Ray (safe; 1% risk of failure)
Press: ? - help, Shift-Dir - straight line, f/p - reriks's ghost
Aim: reriks's ghost (almost destroyed, 17% to evade)
You feel a surge of power!
The searing ray hits reriks's ghost!
You destroy reriks's ghost!
Sif Muna accepts your kill.
The searing ray hits ziggurnaut's ghost.
Ziggurnaut's ghost is severely damaged. (Press . to maintain the ray.) Ziggurnaut's ghost points at you and mumbles some strange words.
The fireball explodes!
The fireball engulfs you!!
Ouch! That really hurt!
The orc zaps a wand.
You are blasted!
Ouch! That really hurt!
You die...

.......#######*,,*,,≈≈≈,,*,...*
# ........##
**,,*******,,*#.### ####.##..#
*,,,,,,,.,#.##.†.. #.###.#
**,,,,,..,#...>.#. #.# #.#
**,,,o..,#####.#. #.# #.#
*,,....,* ##.## #.# #.##
*,.....,* ##.>.# *,* #..#
####......,* #..#.# *,* ##.#
#.@>W.....,*##.##.# **,* #.###
#.###.#...**#.....' *,,*
#...###.# *,***,,,#.##.W' *,**
###.....# *,,****,#.*##.W *,*
####.## **,****,..* #.# *,*
*#...#* *,,,,,..** #$# *,*
#..#..# *,,***,,***### *,*
#.#*#.#**,,* **,,,,,,* *,* #.*
*..,**** **,,,,,**


You could see ziggurnaut's ghost and an orc.

Vanquished Creatures
  The ghost of Zonian the Destroyer, a novice TeCj (D:7)
  The ghost of reriks the Shield-Bearer, a novice GnFi of Makhleb (D:8)
  Pikel (D:5)
  An ugly thing (D:7)
  Maggie (D:6)
  Menkaure (D:5)
  Edmund (D:4)
  A soldier ant (D:5)
  Duvessa (D:5)
  A phantom (D:4)
  An ogre (D:5)
  2 lemures (D:5)
  4 centaurs
  A big kobold (D:7)
  A bullfrog (D:7)
  A jelly (D:7)
  A scorpion (D:8)
  Dowan (D:5)
  8 wights (D:7)
  A crimson imp (D:7)
  A bullfrog zombie (D:7)
  3 orc priests (D:7)
  2 small abominations (D:7)
  2 hounds
  A gnoll shaman (D:7)
  An orc wizard (D:7)
  2 bullfrog skeletons
  A centaur skeleton (D:4)
  An iguana (D:4)
  3 worker ants
  A hound skeleton (D:4)
  2 worker ant zombies (D:7)
  7 adders
  5 gnolls
  A shadow imp (D:5)
  2 white imps
  An adder zombie (D:5)
  6 worms
  2 dart slugs
  7 leopard geckos
  14 orcs
  2 bats
  2 giant cockroaches
  12 goblins
  13 hobgoblins
  9 jackals
  5 quokkas
  A ball python (D:2)
  3 frilled lizards
  9 kobolds
  14 rats
166 creatures vanquished.

Vanquished Creatures (others)
  8 fulminant prisms
8 creatures vanquished.

Grand Total: 174 creatures vanquished

Notes
Turn   | Place    | Note
-------+----------+-------------------------------------------
     0 | D:1      | sahdkjhfkaj the Deep Elf Conjurer began the quest for the
                  | Orb.
     0 | D:1      | Reached XP level 1. HP: 10/10 MP: 6/6
   135 | D:1      | Reached skill level 1 in Hexes
   135 | D:1      | Reached XP level 2. HP: 15/15 MP: 1/8
   138 | D:1      | Learned a level 2 spell: Searing Ray
   525 | D:1      | Reached skill level 1 in Translocations
   808 | D:1      | Reached XP level 3. HP: 19/19 MP: 8/10
  1276 | D:2      | Found an opulent altar of Gozag.
  1569 | D:2      | Reached XP level 4. HP: 24/24 MP: 6/11
  1723 | D:2      | Found an ornate altar of the Wu Jian Council.
  1958 | D:3      | Found a faded altar of an unknown god.
  1994 | D:3      | Found a shimmering altar of Xom.
  2004 | D:3      | Reached skill level 5 in Conjurations
  2033 | D:3      | Found a hazy altar of Hepliaklqana.
  2491 | D:3      | Found a glowing golden altar of the Shining One.
  2557 | D:4      | Learned a level 4 spell: Fulminant Prism
  2562 | D:4      | Learned a level 4 spell: Iskenderun's Mystic Blast
  2605 | D:4      | Reached XP level 5. HP: 28/28 MP: 7/13
  3089 | D:4      | Found Didwaleqess's Jewellery Emporium.
  3302 | D:4      | Found a staircase to the Ecumenical Temple.
  3328 | Temple   | Entered the Ecumenical Temple
  3459 | Temple   | Became a worshipper of Sif Muna the Loreminder
  3696 | D:4      | Found an iron altar of Okawaru.
  3876 | D:5      | Entered Level 5 of the Dungeon
  3903 | D:5      | Noticed Menkaure
  3982 | D:5      | Killed Menkaure
  3983 | D:5      | Reached skill level 5 in Spellcasting
  3983 | D:5      | Reached XP level 6. HP: 17/32 MP: 4/15
  4128 | D:5      | Noticed Edmund
  4222 | D:4      | Killed Edmund
  4773 | D:4      | Reached XP level 7. HP: 12/36 MP: 4/17
  5318 | D:5      | Noticed Dowan
  5322 | D:5      | Noticed Duvessa
  5324 | D:5      | Killed Dowan
  5325 | D:5      | Reached skill level 5 in Hexes
  5402 | D:5      | Killed Duvessa
  5672 | D:5      | Noticed Pikel
  5681 | D:5      | Killed Pikel
  5682 | D:5      | Reached skill level 5 in Translocations
  5682 | D:5      | Reached XP level 8. HP: 41/41 MP: 7/21
  5959 | D:5      | Found a shadowy altar of Dithmenos.
  5966 | D:5      | Found a blossoming altar of Fedhas.
  6591 | D:6      | Noticed Maggie
  6600 | D:6      | Killed Maggie
  7237 | D:6      | Found a snail-covered altar of Cheibriados.
  7367 | D:6      | Found a glowing golden altar of the Shining One.
  7586 | D:7      | Reached * piety under Sif Muna
  7796 | D:7      | Reached XP level 9. HP: 41/45 MP: 15/23
  8484 | D:7      | Noticed a cyan ugly thing
  8491 | D:7      | Killed a cyan ugly thing
  8964 | D:7      | Found a transporter.
  8972 | D:7      | Found a transporter.
  9592 | D:7      | Noticed Zonian's ghost (novice TeCj)
  9704 | D:7      | Found an ancient bone altar of Kikubaaqudgha.
 10326 | D:7      | Killed Zonian's ghost
 10329 | D:7      | Reached ** piety under Sif Muna
 10465 | D:7      | Found a one-way gate to the infinite horrors of the Abyss.
 10562 | D:8      | Identified a scroll of acquirement
 10592 | D:8      | Acquired 1219 gold pieces
 10633 | D:8      | Found a runed translucent gate.
 10633 | D:8      | Found a runed translucent gate.
 10634 | D:8      | Found a runed translucent gate.
 10635 | D:8      | Noticed ziggurnaut's ghost (novice DEFE)
 10635 | D:8      | Noticed reriks's ghost (novice GnFi)
 10956 | D:8      | Killed reriks's ghost
 10956 | D:8      | Blown up by an orc

Illustrated notes

Levels and vault maps discovered:
D:1:      onia_arrival_pyramid, layout_loops_cross, minmay_rat_gold_closets
D:2:      layout_basic, nzn_wu_jian_council_hall, lemuel_round_altar
D:3:      layout_basic, lemuel_crystal_altar, xom_teletrap_fun,
          chequers_ecumenical_altar_grove, tso_altar
D:4:      layout_cave_pools, okawaru_altar_gauntlet_db,
          minmay_temple_entry_statues_pillars, serial_shops, nicolae_shop_trees
D:5:      layout_loops_cross, amethyst_overflow_temple_binary,
          water_boxes_lemuel, uniq_duvessa, uniq_menkaure, uniq_edmund,
          uniq_pikel
D:6:      layout_gridville, kennysheep_little_box, kennysheep_mini_moat,
          uniq_maggie
D:7:      layout_loops_corners, nicolae_overflow_hidden_temple,
          gammafunk_ghost_abyssal_escape
D:8:      layout_rooms, nicolae_ru_awakened_eye, gammafunk_ghost_cemetery
Temple:   nicolae_temple_figure_zero

Skill      XL: |  1  2  3  4  5  6  7  8  9 |
---------------+----------------------------+-----
Hexes          | 1 2 4 6 7 9 |  9.2
Translocations | 1 2 3 5 6 7 |  7.7
Spellcasting   | 4 5 7 8 9 |  9.8
Conjurations   | 5 6 7 9 |  9.1
Dodging        | |  2.4
Stealth        | |  2.4

Action                   |  1- 3 |  4- 6 |  7- 9 || total
-------------------------+-------+-------+-------++-------
Melee: Unarmed           |       |     1 |     3 ||     4
 Cast: Magic Dart        |    96 |   126 |   213 ||   435
       Searing Ray       |     1 |     4 |    25 ||    30
       Fulminant Prism   |       |     3 |     5 ||     8
       Iskenderun's Myst |       |       |     7 ||     7
  Use: Scroll            |     3 |     6 |     6 ||    15
       Potion            |       |       |     5 ||     5
Armor: Robe              |       |    14 |    13 ||    27
Dodge: Dodged            |     3 |    29 |    61 ||    93

Table legend: (Time is in decaauts)
 A = Elapsed time spent in this place.
 B = Non-inter-level travel time spent in this place.
 C = Inter-level travel time spent in this place.
 D = Time resting spent in this place.
 E = Time spent auto-exploring this place.
 F = Levels seen in this place.
 G = Mean time per level.
                   A        B        C        D        E       F      G
               +--------+--------+--------+--------+--------+-----+--------+
         Total |  10960 |  10634 |    326 |   2319 |   7214 |   9 | 1217.8 |
       Dungeon |  10819 |  10519 |    300 |   2319 |   7102 |   8 | 1352.4 |
        Temple |    140 |    114 |     26 |      0 |    112 |   1 |  140.0 |
               +--------+--------+--------+--------+--------+-----+--------+

Top non-repeatable levels by time:
     D:7: 2911 daAuts
     D:4: 2708 daAuts
     D:5: 1228 daAuts
     D:1: 1105 daAuts
     D:6: 988 daAuts
     D:2: 731 daAuts
     D:3: 681 daAuts
     D:8: 463 daAuts
  Temple: 140 daAuts
